 Dungeon Crawl Stone Soup version 0.27-a0-262-gc50aac273e (webtiles) character file.

Game seed: 14372557700715647511

4 kae the Ruffian (level 1, 0/16 HPs)
             Began as a Draconian Transmuter on Feb 4, 2021.
             Slain by a leopard gecko (3 damage)
             ... on level 1 of the Dungeon.
             The game lasted 00:00:05 (125 turns).

kae the Ruffian (Draconian Transmuter)               Turns: 125, Time: 00:00:06

Health: 0/16       AC:  4    Str: 12    XL:     1   Next: 58%
Magic:  3/3        EV: 12    Int: 13    God:
Gold:   9          SH:  0    Dex: 11    Spells: 3/4 levels left

rFire    . . .     SeeInvis .     - Unarmed
rCold    . . .     Faith    .   (no shield)
rNeg     . . .     Spirit   .   (armour unavailable)
rPois    .         Reflect  .   (helmet restricted)
rElec    .         Harm     .   (no cloak)
rCorr    .         Rampage  .   (no gloves)
Will     .....                  (no boots)
Stlth    +.........             (no amulet)
HPRegen  0.05/turn              (no ring)
MPRegen  0.08/turn              (no ring)

@: no status effects
A: unfitting armour, cold-blooded, AC +4
a: no special abilities


You were on level 1 of the Dungeon.
You visited 1 branch of the dungeon, and saw 1 of its levels.

You collected 9 gold pieces.

Inventory:

Scrolls
 b - a scroll of teleportation {unknown}
Potions
 a - a potion of haste {unknown}


   Skills:
 + Level 1.2 Fighting
 + Level 1.8 Dodging
 * Level 3.1 Unarmed Combat
 + Level 2.0 Spellcasting
 + Level 2.0 Transmutations


You had 3 spell levels left.
You knew the following spells:

 Your Spells              Type           Power        Failure   Level
a - Beastly Appendage     Tmut           12%          11%         1

Your spell library contained the following spells:

 Spells                   Type           Power        Failure   Level
 Wereblood                Tmut           6%           16%         2
 Spider Form              Tmut/Pois      2%           45%         3
 Ice Form                 Ice/Tmut       4%           86%         4
 Blade Hands              Tmut           3%           96%         5


Dungeon Overview and Level Annotations

Branches:
Dungeon (1/15)

Altars:


Innate Abilities, Weirdness & Mutations

Your plain brown scales are hard. (AC +4)
You cannot fit into any form of body armour.
You are cold-blooded and may be slowed by cold attacks.


Message History

Your magical contamination has completely faded away.
You miss the leopard gecko.
The leopard gecko is moderately wounded.
The leopard gecko barely misses you.
A leopard gecko is nearby!
You barely miss the leopard gecko.
The leopard gecko is moderately wounded.
The leopard gecko bites you but does no damage.
You miss the leopard gecko.
The leopard gecko is moderately wounded.
The leopard gecko misses you.
A leopard gecko is nearby!
You hit the leopard gecko.
The leopard gecko is almost dead.
The leopard gecko closely misses you. The leopard gecko bites you.
* * * LOW HITPOINT WARNING * * *
You barely miss the leopard gecko.
The leopard gecko is almost dead.
The leopard gecko bites you.
You die...

..........####
####+#..........
.
#....###.....###
..
+......'.....+..
...
#...####.....#..
....#####...#
######...
............#
#..#
............#
#..#
......)@....#
#...
......l†?...#
#.##
......$.....#
#.##
............#
#.##
.........####
#######'##
.........#
#.........
....$....#
#.........
###+####.#
#.(.......
##+###
#.........


You could see a leopard gecko.

Vanquished Creatures
  A dart slug (D:1)
  A bat (D:1)
  A kobold (D:1)
  A rat (D:1)
4 creatures vanquished.

Notes
Turn   | Place    | Note
-------+----------+-------------------------------------------
     0 | D:1      | kae the Draconian Transmuter began the quest for the Orb.
     0 | D:1      | Reached XP level 1. HP: 16/16 MP: 3/3
   125 | D:1      | Slain by a leopard gecko

Illustrated notes

Levels and vault maps discovered:
D:1:      dpeg_arrival_rooms_c, layout_basic

Action                   || total
-------------------------++-------
Melee: Unarmed           ||    16
       Tailslap          ||     4
 Cast: Beastly Appendage ||     3
Armor: Skin              ||     5
Dodge: Dodged            ||    10

Table legend: (Time is in decaauts)
 A = Elapsed time spent in this place.
 B = Non-inter-level travel time spent in this place.
 C = Inter-level travel time spent in this place.
 D = Time resting spent in this place.
 E = Time spent auto-exploring this place.
 F = Levels seen in this place.
 G = Mean time per level.
                   A        B        C        D        E       F      G
               +--------+--------+--------+--------+--------+-----+--------+
         Total |    124 |    124 |      0 |      0 |     89 |   1 |  124.0 |
       Dungeon |    124 |    124 |      0 |      0 |     89 |   1 |  124.0 |
               +--------+--------+--------+--------+--------+-----+--------+

Top non-repeatable levels by time:
     D:1: 124 daAuts
